 Dungeon Crawl Stone Soup version 0.23.2-33-g5129a83184 (webtiles) character file.

Game seed: 6357109781935846514

525 zavtrazima the Slasher (level 7, -8/61 HPs)
             Began as a Minotaur Fighter on July 6, 2019.
             Was a Follower of Okawaru.
             Killed by nerve-wracking pain
             ... invoked by a shadow imp
             ... summoned by Eustachio
              (12 damage)
             ... on level 4 of the Dungeon.
             The game lasted 00:10:56 (2150 turns).

zavtrazima the Slasher (Minotaur Fighter)           Turns: 2150, Time: 00:10:57

Health: -8/61      AC: 18    Str: 26 (27) XL:     7   Next: 2%
Magic:  4/6        EV:  9    Int:  6 (8)  God:    Okawaru [*.....]
Gold:   178        SH: 12    Dex: 10      Spells: 6/6 levels left

rFire    + . .     SeeInvis +   a - +0 long sword
rCold    . . .     Gourm    .   c - +0 shield
rNeg     . . .     Faith    .   l - +0 plate armour
rPois    .         Spirit   .   (helmet restricted)
rElec    .         Reflect  .   o - +2 cloak
rCorr    .         Harm     .   (no gloves)
MR       .....     Clarity  +   (no boots)
Stlth    ..........             (no amulet)
HPRegen  0.00/turn              q - ring of see invisible
MPRegen  0.10/turn              m - +3 ring of intelligence

@: mighty, heroism, very slightly contaminated, invisible
A: retaliatory headbutt, horns 2, clarity, fire resistance 1, inhibited
regeneration
a: Heroism, Renounce Religion


You were on level 4 of the Dungeon.
You worshipped Okawaru.
Okawaru was aware of your devotion.
You were not hungry.

You visited 1 branch of the dungeon, and saw 4 of its levels.

You collected 178 gold pieces.

Inventory:

Hand Weapons
 a - a +0 long sword (weapon)
Armour
 b - a +0 scale mail
 c - a +0 shield (worn)
 l - a +0 plate armour (worn)
 o - a +2 cloak (worn)
Jewellery
 m - a +3 ring of intelligence (right hand)
 q - a ring of see invisible (left hand)
Wands
 p - a wand of polymorph (16)
Scrolls
 i - a scroll of teleportation
 k - a scroll of blinking
 x - a scroll of remove curse
Potions
 d - 2 potions of might
 e - a potion of haste
 g - 2 potions of agility
 j - a potion of invisibility
 s - a potion of flight
Comestibles
 f - 7 rations


   Skills:
 + Level 5.0(10.0) Fighting
 + Level 6.0(11.0) Long Blades
 + Level 5.0(10.0) Armour
 + Level 1.3(6.3) Dodging
 + Level 5.5(10.5) Shields
 + Level 0.3(5.3) Unarmed Combat


You had 6 spell levels left.
You didn't know any spells.
Your spell library was empty.

Dungeon Overview and Level Annotations

Branches:
Dungeon (4/15)
 Temple: D:4-7

Altars:
Kikubaaqudgha
Okawaru
Wu Jian

Annotations:
D:4 Eustachio


Innate Abilities, Weirdness & Mutations

You reflexively headbutt those who attack you in melee.
You have a pair of horns on your head.
You possess an exceptional clarity of mind.
Your flesh is heat resistant. (rF+)
You do not regenerate when monsters are visible.


Message History

Eustachio mumbles some strange words.
You block the shadow imp's attack. The shadow imp barely misses you.
You are very lightly contaminated with residual magic.
You block the bat's attack. The bat barely misses you.
The bat barely misses you. You furiously retaliate!
You headbutt the bat!!
You kill the bat!
The bat's corpse disappears in a puff of smoke!
You feel mightier all of a sudden. You block the shadow imp's attack.
The shadow imp hits you.
* * * LOW HITPOINT WARNING * * *
The shadow imp gestures at you. Pain shoots through your body!
* * * LOW HITPOINT WARNING * * *
You slash the shadow imp! You headbutt the shadow imp.
You kill the shadow imp!
The shadow imp closely misses you.
The shadow imp summons a swarm of flies.
The shadow imp gestures at you. Pain shoots through your body!
You die...

##.##......................##....
...##.###.....###...#...##.. ...
...##.##...##.###...######
..........................
...............##........#
..................5r?....#
.........................#
.....###.......§.........# #.....
#.####...@§@......#
#......#........5§........
#......######....)........ #..
..........#.........
........###......... <.......#
##...##### #.......# +....#
####....# #...%# #..... #....#


You could see Eustachio, a river rat and 2 shadow imps.

Vanquished Creatures
  2 phantoms (D:4)
  Blork the orc (D:4)
  Crazy Yiuf (D:2)
  Terence (D:2)
  Natasha (thrice) (D:2)
  A worker ant (D:3)
  7 adders
  2 oozes
  An adder skeleton (D:4)
  A worm (D:2)
  2 dart slugs (D:1)
  A leopard gecko (D:1)
  A giant cockroach (D:3)
  8 goblins
  7 hobgoblins
  3 jackals (D:2)
  3 kobolds
  A quokka (D:2)
  9 bats
  5 frilled lizards
  9 rats
69 creatures vanquished.

Notes
Turn   | Place    | Note
-------+----------+-------------------------------------------
     0 | D:1      | zavtrazima the Minotaur Fighter began the quest for the
                  | Orb.
     0 | D:1      | Reached XP level 1. HP: 19/19 MP: 0/0
   104 | D:1      | Reached XP level 2. HP: 22/27 MP: 1/1
   467 | D:1      | Reached XP level 3. HP: 28/33 MP: 2/2
   515 | D:2      | Found an iron altar of Okawaru.
   529 | D:2      | Noticed Natasha
   535 | D:2      | Killed Natasha
   535 | D:2      | Reached skill level 3 in Long Blades
   538 | D:2      | Became a worshipper of Warmaster Okawaru
   551 | D:2      | Found an ornate altar of the Wu Jian Council.
   638 | D:2      | Noticed Natasha
   641 | D:2      | Killed Natasha
   641 | D:2      | Reached XP level 4. HP: 40/40 MP: 3/3
   732 | D:2      | Noticed Terence
   745 | D:2      | Killed Terence
   745 | D:2      | Reached skill level 4 in Long Blades
   764 | D:2      | Noticed Natasha
   779 | D:2      | Reached XP level 5. HP: 36/47 MP: 4/4
   839 | D:2      | Killed Natasha
   975 | D:2      | Reached skill level 1 in Dodging
  1024 | D:2      | Found a runed translucent door.
  1025 | D:2      | Noticed Crazy Yiuf
  1270 | D:2      | Killed Crazy Yiuf
  1270 | D:2      | Reached * piety under Okawaru
  1367 | D:3      | Reached skill level 5 in Long Blades
  1453 | D:3      | Found an ancient bone altar of Kikubaaqudgha.
  1777 | D:3      | Reached XP level 6. HP: 53/53 MP: 5/5
  1964 | D:3      | Gained mutation: Your flesh is heat resistant. (rF+)
                  | [potion of mutation]
  1964 | D:3      | Gained mutation: You do not regenerate when monsters are
                  | visible. [potion of mutation]
  1964 | D:3      | Gained mutation: You possess an exceptional clarity of
                  | mind. [potion of mutation]
  2061 | D:4      | Reached skill level 5 in Shields
  2093 | D:4      | Noticed Eustachio
  2094 | D:4      | Noticed Blork the orc
  2134 | D:4      | Killed Blork the orc
  2138 | D:4      | Reached skill level 5 in Fighting
  2138 | D:4      | Reached skill level 6 in Long Blades
  2138 | D:4      | Reached skill level 5 in Armour
  2138 | D:4      | Reached XP level 7. HP: 25/61 MP: 6/6
  2150 | D:4      | Killed from afar by a shadow imp

Skill      XL: |  1  2  3  4  5  6 |
---------------+-------------------+-----
Shields        | 4 5 |  5.5
Fighting       | 4 5 |  5.0
Armour         | 4 5 |  5.0
Long Blades    | 3 4 5 6 |  6.0
Dodging        | 1 |  1.3
Unarmed Combat | |  0.3

Action                   |  1- 3 |  4- 6 |  7- 9 || total
-------------------------+-------+-------+-------++-------
Melee: Long sword        |    70 |   165 |     3 ||   238
       Headbutt          |    12 |    31 |     1 ||    44
       Unarmed           |       |    16 |       ||    16
Invok: Heroism           |       |       |     1 ||     1
  Use: Scroll            |     2 |     6 |       ||     8
       Potion            |     5 |     7 |     2 ||    14
  Eat: Ration            |       |     1 |       ||     1
       Chunk             |       |     1 |       ||     1
Armor: Scale mail        |    22 |       |       ||    22
       Plate armour      |     9 |   189 |     5 ||   203
Dodge: Dodged            |    14 |    58 |     7 ||    79
Block: Shield            |    33 |   122 |     3 ||   158
       Rpst.: Long sword |     4 |    12 |       ||    16
